 Dungeon Crawl Stone Soup version 0.30.0-29-ga12c61a403 (webtiles) character file.

Game seed: 2961339622473984011

3 ChrisAssaf the Magician (level 1, -1/15 HPs)
             Began as a Djinni Enchanter on June 13, 2023.
             Slain by a kobold
             ... wielding a +0 whip
              (2 damage)
             ... on level 1 of the Dungeon.
             The game lasted 00:00:22 (120 turns).

ChrisAssaf the Magician (Djinni Enchanter)           Turns: 120, Time: 00:00:22

Health: -1/15      AC:  2    Str:  7    XL:     1   Next: 55%
Gold:   0          EV: 12    Int: 16    God:
                   SH:  0    Dex: 13

rFire   + + .        a - +1 dagger
rCold   x . .        (no shield)
rNeg    . . .        b - +0 robe
rPois   ∞            (no helmet)
rElec   .            (no cloak)
rCorr   .            (no gloves)
SInv    .            (boots unavailable)
Will    .....        (no amulet)
Stlth   ++           (no ring)
HPRegen 0.22/turn    (no ring)
MPRegen 0.00/turn

%: infuse magic (-2 HP)
@: flying
A: sickness immunity, fire resistance 2, cold vulnerability 1, float, innate
caster, HP casting, extra vitality 1
a: no special abilities


You were on level 1 of the Dungeon.
You visited 1 branch of the dungeon, and saw 1 of its levels.

Inventory:

Hand Weapons
 a - a +1 dagger (weapon)
Armour
 b - a +0 robe (worn)
Potions
 c - 2 potions of invisibility


   Skills:
 * Level 0.8 Short Blades
 * Level 2.2 Dodging
 * Level 2.4 Stealth
 * Level 2.5 Spellcasting


You knew the following spells:

 Your Spells              Type           Power      Damage    Failure   Level
a - Ensorcelled Hibernat  Hex/Ice        20%        N/A       11%         2
b - Confusing Touch       Hex            10%        N/A       22%         3
c - Tukima's Dance        Hex            10%        N/A       22%         3
d - Dazzling Flash        Conj/Hex       20%        N/A       22%         3
Your spell library was empty.

Dungeon Overview and Level Annotations

Branches:
Dungeon (1/15)

Altars:


Innate Abilities, Weirdness & Mutations

You are immune to sickness and miasma.
You are immune to poison.
Your flesh is very heat resistant. (rF++)
You are vulnerable to cold. (rC-)
You float through the air rather than walking.
You learn spells naturally, not from books.
Your magical power is your life essence.
You have superior vitality. (+4 MHP)


Message History

The goblin is severely wounded.
The goblin hits you with a +0 dagger.
You closely miss the goblin.
The goblin is severely wounded.
The goblin hits you with a +0 dagger.
You barely miss the goblin.
The goblin is heavily wounded.
The goblin closely misses you.
You hit the goblin.
You kill the goblin!
Things that are here:
a +0 dagger; a goblin corpse You reach down and open the door.
There is an open door here.
A frilled lizard comes into view.
A kobold comes into view. It is wielding a +0 whip.
A goblin comes into view. It is wielding a +3 dagger.
The frilled lizard hisses angrily.
The goblin shouts!
You hit the frilled lizard.
The frilled lizard is heavily wounded.
The frilled lizard bites you.
The kobold shouts!
You hit the frilled lizard.
You kill the frilled lizard!
You see here a frilled lizard corpse.
You hit the goblin but do no damage. The goblin hits you with a +3 dagger.
An endoplasm comes into view.
You hit the goblin.
The goblin is severely wounded.
The goblin hits you with a +3 dagger.
You miss the goblin.
The goblin is severely wounded.
The goblin hits you with a +3 dagger.
* * * LOW HITPOINT WARNING * * *
You barely miss the goblin.
The goblin is severely wounded.
A rat comes into view.
The goblin closely misses you. The kobold hits you with a +0 whip.
You die...

.#...#...#...#
.'...#...#.#.#
.#...#...#.#.#
#######'##.#.# ##
.# #...#.#.# .# ##
.+ +..)'.#.####.#
.. .#
#...#......#.#.# ##
##+####.##.#K..##r.
#......@g..J...
+........####..
#............
#........####
#........#
..........#
####.......#
+.......#


You could see an endoplasm, a goblin, a kobold and a rat (wandering).

Vanquished Creatures
  A goblin (D:1)
  A kobold (D:1)
  A frilled lizard (D:1)
3 creatures vanquished.

Notes
Turn   | Place    | Note
-------+----------+-------------------------------------------
     0 | D:1      | ChrisAssaf the Djinni Enchanter began the quest for the
                  | Orb.
     0 | D:1      | ChrisAssaf set off with the following spells memorised:
                  | Ensorcelled Hibernation, Confusing Touch, Tukima's Dance,
                  | Dazzling Flash.
     0 | D:1      | Reached XP level 1. HP: 15/15 MP: 0/0
   120 | D:1      | Slain by a kobold

Illustrated notes

Levels and vault maps discovered:
D:1:      co_arrival_random_square_maze, layout_basic, serial_shops,
          nicolae_shop_waterfront, dilly_ecumenical_altar_fadedgnrine

Action                     || total
---------------------------++-------
  Melee: Dagger            ||    18
 Armour: Robe              ||     1
  Dodge: Dodged            ||     4
